APP
SEATTLE (APP) MARINERS @ BALTIMORE (APP) ORIOLES
09/17/2047
 
TOP OF THE 1ST
Seattle (APP) Mariners batting - Pitching for Baltimore (APP) Orioles : RHP Zhao-jun Zong
Pitching: RHP Zhao-jun Zong
Batting: LHB Chang Huie 0-0: Called Strike
0-1: SINGLE (Line Drive, 9S, EV 101.9 MPH)
Batting: RHB John Vasquez 0-0: Ball
1-0: Ball
2-0: Called Strike
2-1: Foul Ball, location: 2F
2-2: Grounds into double play, 6-4-3 (Groundball, 6, EV 91.2 MPH)
Batting: RHB Nick Edmunds 0-0: Ball
1-0: Swinging Strike
1-1: Foul Ball, location: 2F
1-2: Foul Ball, location: 2F
1-2: Ball
2-2: Ball
3-2: Foul Ball, location: 2F
3-2: Foul Ball, location: 2F
3-2: Ground out 5-3 (Groundball, 56, EV 85.0 MPH)
Top of the 1st over - 0 runs, 1 hit, 0 errors, 0 left on base; Seattle (APP) 0 - Baltimore (APP) 0
BOTTOM OF THE 1ST
Baltimore (APP) Orioles batting - Pitching for Seattle (APP) Mariners : LHP David Reyes
Pitching: LHP David Reyes
Batting: RHB Kevin Popowicz 0-0: Called Strike
0-1: Ball
1-1: Called Strike
1-2: Ball
2-2: Strikes out swinging
Batting: LHB Edwin Cabral 0-0: Ball
1-0: Fly out, F6 (Line Drive, 6, EV 68.1 MPH)
Batting: RHB Maup Gommers 0-0: Called Strike
0-1: SINGLE (Groundball, 56D, EV 105.6 MPH)
Batting: LHB Sam Williams 0-0: Ball
1-0: Ball
2-0: Ball
3-0: Base on Balls
Maup Gommers to second
Batting: RHB Carlos Teniente 0-0: Ball
1-0: Ball
2-0: Called Strike
2-1: Ball
3-1: Swinging Strike
3-2: Fly out, F5 (Popup, 56, EV 60.6 MPH)
Bottom of the 1st over - 0 runs, 1 hit, 0 errors, 2 left on base; Seattle (APP) 0 - Baltimore (APP) 0
TOP OF THE 2ND
Seattle (APP) Mariners batting - Pitching for Baltimore (APP) Orioles : RHP Zhao-jun Zong
Batting: SHB Carlos Luna 0-0: Called Strike
0-1: SINGLE (Groundball, 4MD, EV 98.1 MPH)
Batting: SHB Raghnall Ahearne 0-0: Called Strike
0-1: Called Strike
0-2: Ball
1-2: Strikes out swinging
Batting: SHB Frank Amato 0-0: Called Strike
0-1: Swinging Strike
0-2: Ball
1-2: Ball
Wild Pitch!
Carlos Luna to second
2-2: Fly out, F4 (Line Drive, 4, EV 68.8 MPH)
Lined into DP, 4-6 (Line Drive, 4, EV 74.4 MPH)
Top of the 2nd over - 0 runs, 1 hit, 0 errors, 0 left on base; Seattle (APP) 0 - Baltimore (APP) 0
BOTTOM OF THE 2ND
Baltimore (APP) Orioles batting - Pitching for Seattle (APP) Mariners : LHP David Reyes
Batting: SHB Carlos Carrillo 0-0: Called Strike
0-1: Foul Ball, location: 2F
0-2: Ball
1-2: Strikes out swinging
Batting: RHB Jonathan Mendoza 0-0: Called Strike
0-1: Ball
1-1: Ball
2-1: Ball
3-1: Base on Balls
Batting: LHB Chris Cohen 0-0: Called Strike
0-1: Ball
1-1: Swinging Strike
1-2: Ball
2-2: Foul Ball, location: 2F
2-2: Strikes out swinging
Batting: RHB Juan Eyrich 0-0: Ball
1-0: Ball
Wild Pitch!
Jonathan Mendoza to second
2-0: Ball
3-0: Called Strike
3-1: Foul Ball, location: 2F
3-2: Strikes out swinging
Bottom of the 2nd over - 0 runs, 0 hits, 0 errors, 1 left on base; Seattle (APP) 0 - Baltimore (APP) 0
TOP OF THE 3RD
Seattle (APP) Mariners batting - Pitching for Baltimore (APP) Orioles : RHP Zhao-jun Zong
Batting: LHB Prince Nunley 0-0: Called Strike
0-1: DOUBLE (Flyball, 8RD, EV 94.4 MPH)
Batting: RHB Omar Solis 0-0: Ball
1-0: Ground out 4-3 (Groundball, 6M, EV 108.1 MPH)
Prince Nunley to third
Batting: RHB Ziven Badersky 0-0: Called Strike
0-1: Ball
1-1: Ball
2-1: Foul Ball, location: 2F
2-2: SINGLE (Groundball, 25, EV 68.1 MPH) (infield hit)
Batting: LHB Chang Huie 0-0: Called Strike
Ziven Badersky is caught stealing 2nd base 2-6
0-1: Ball
1-1: Called Strike
1-2: Ball
2-2: Foul Ball, location: 2F
2-2: Ball
3-2: Fly out, F6 (Popup, 6MD, EV 47.5 MPH)
Top of the 3rd over - 0 runs, 2 hits, 0 errors, 1 left on base; Seattle (APP) 0 - Baltimore (APP) 0
BOTTOM OF THE 3RD
Baltimore (APP) Orioles batting - Pitching for Seattle (APP) Mariners : LHP David Reyes
Batting: RHB Kevin Popowicz 0-0: Ball
1-0: Called Strike
1-1: Ball
2-1: Foul Ball, location: 2F
2-2: SOLO HOME RUN (Flyball, 7D, EV 103.1 MPH), Distance : 414 ft
Batting: LHB Edwin Cabral 0-0: Ball
1-0: Ball
2-0: SINGLE (Groundball, 6S, EV 68.8 MPH) (infield hit)
Batting: RHB Maup Gommers 0-0: Swinging Strike
0-1: Called Strike
0-2: Ball
1-2: SINGLE (Groundball, 6MD, EV 97.5 MPH)
Edwin Cabral to second
Batting: LHB Sam Williams 0-0: Ball
1-0: Foul Ball, location: 2F
1-1: Called Strike
1-2: Foul Ball, location: 2F
1-2: Ball
2-2: Ball
3-2: Base on Balls
Edwin Cabral to third
Maup Gommers to second
Batting: RHB Carlos Teniente 0-0: Ball
1-0: GRAND SLAM HOME RUN (Flyball, 9D, EV 98.1 MPH), Distance : 376 ft
Pitching: RHP Mario Mata
Batting: SHB Carlos Carrillo 0-0: Ball
1-0: Ball
2-0: Ball
3-0: Base on Balls
Batting: RHB Jonathan Mendoza 0-0: Swinging Strike
0-1: Ball
1-1: Ball
2-1: Ball
3-1: Base on Balls
Carlos Carrillo to second
Batting: LHB Chris Cohen 0-0: Grounds into double play, 4-6-3 (Groundball, 4, EV 103.8 MPH)
Carlos Carrillo to third
Batting: RHB Juan Eyrich 0-0: Called Strike
0-1: Called Strike
0-2: Ball
1-2: SINGLE (Groundball, 56D, EV 108.1 MPH)
Carlos Carrillo scores
Batting: RHB Kevin Popowicz 0-0: Called Strike
0-1: Ball
Wild Pitch!
Juan Eyrich to second
1-1: Ball
2-1: Swinging Strike
2-2: Ball
3-2: Foul Ball, location: 2F
3-2: Strikes out swinging
Bottom of the 3rd over - 6 runs, 5 hits, 0 errors, 1 left on base; Seattle (APP) 0 - Baltimore (APP) 6
TOP OF THE 4TH
Seattle (APP) Mariners batting - Pitching for Baltimore (APP) Orioles : RHP Zhao-jun Zong
Batting: RHB John Vasquez 0-0: Ball
1-0: Ball
2-0: Ball
3-0: Called Strike
3-1: Ground out 3-1 (Groundball, 34, EV 102.5 MPH)
Batting: RHB Nick Edmunds 0-0: Ground out 5-3 (Groundball, 56, EV 83.1 MPH)
Batting: SHB Carlos Luna 0-0: Called Strike
0-1: Called Strike
0-2: Ball
1-2: Foul Ball, location: 2F
1-2: Ball
2-2: Strikes out swinging
Top of the 4th over - 0 runs, 0 hits, 0 errors, 0 left on base; Seattle (APP) 0 - Baltimore (APP) 6
BOTTOM OF THE 4TH
Baltimore (APP) Orioles batting - Pitching for Seattle (APP) Mariners : RHP Mario Mata
Batting: LHB Edwin Cabral 0-0: Ball
1-0: Ball
2-0: Swinging Strike
2-1: Ground out 3-1 (Groundball, 34S, EV 89.4 MPH)
Batting: RHB Maup Gommers 0-0: Foul Ball, location: 2F
0-1: Ball
1-1: Ball
2-1: SOLO HOME RUN (Flyball, 8RXD, EV 115.0 MPH), Distance : 446 ft
Pitching: RHP Bryce Blanksby
Batting: LHB Sam Williams 0-0: Ball
1-0: DOUBLE (Flyball, 89D, EV 106.9 MPH)
Batting: RHB Carlos Teniente 0-0: Fly out, F9 (Flyball, 9, EV 90.0 MPH)
Batting: SHB Carlos Carrillo 0-0: Ball
1-0: Ball
2-0: Called Strike
2-1: Fly out, F7 (Flyball, 7D, EV 90.0 MPH)
Bottom of the 4th over - 1 run, 2 hits, 0 errors, 1 left on base; Seattle (APP) 0 - Baltimore (APP) 7
TOP OF THE 5TH
Seattle (APP) Mariners batting - Pitching for Baltimore (APP) Orioles : RHP Zhao-jun Zong
Batting: SHB Raghnall Ahearne 0-0: Swinging Strike
0-1: Foul Ball, location: 2F
0-2: Strikes out swinging
Batting: SHB Frank Amato 0-0: Called Strike
0-1: Swinging Strike
0-2: Ground out U3 (Groundball, 34S, EV 85.0 MPH)
Batting: LHB Prince Nunley 0-0: Ground out 5-3 (Groundball, 56, EV 106.9 MPH)
Top of the 5th over - 0 runs, 0 hits, 0 errors, 0 left on base; Seattle (APP) 0 - Baltimore (APP) 7
BOTTOM OF THE 5TH
Baltimore (APP) Orioles batting - Pitching for Seattle (APP) Mariners : RHP Bryce Blanksby
Batting: RHB Jonathan Mendoza 0-0: Swinging Strike
0-1: Fly out, F8 (Flyball, 8RD, EV 94.4 MPH)
Batting: LHB Chris Cohen 0-0: Ball
1-0: Fly out, F7 (Flyball, 7S, EV 88.1 MPH)
Batting: RHB Juan Eyrich 0-0: Called Strike
0-1: Ball
1-1: Ball
2-1: Foul Ball, location: 2F
2-2: Ball
3-2: DOUBLE (Line Drive, 89XD, EV 96.9 MPH)
Batting: RHB Kevin Popowicz 0-0: Fly out, F9 (Flyball, 9D, EV 90.6 MPH)
Bottom of the 5th over - 0 runs, 1 hit, 0 errors, 1 left on base; Seattle (APP) 0 - Baltimore (APP) 7
TOP OF THE 6TH
Seattle (APP) Mariners batting - Pitching for Baltimore (APP) Orioles : RHP Zhao-jun Zong
Batting: RHB Omar Solis 0-0: Ground out 6-3 (Groundball, 6, EV 96.9 MPH)
Batting: RHB Ziven Badersky 0-0: Foul Ball, location: 2F
0-1: Ground out 6-3 (Groundball, 6, EV 91.9 MPH)
Batting: LHB Chang Huie 0-0: Called Strike
0-1: Ball
1-1: Ball
2-1: Called Strike
2-2: DOUBLE (Line Drive, 78M, EV 100.6 MPH)
Batting: RHB John Vasquez 0-0: Ball
1-0: Ball
Wild Pitch!
Chang Huie to third
2-0: Ball
3-0: Base on Balls
Batting: RHB Nick Edmunds 0-0: Ball
1-0: Called Strike
1-1: Foul Ball, location: 2F
1-2: Ball
2-2: Ball
3-2: Ground out 6-3 (Groundball, 6, EV 78.8 MPH)
Top of the 6th over - 0 runs, 1 hit, 0 errors, 2 left on base; Seattle (APP) 0 - Baltimore (APP) 7
BOTTOM OF THE 6TH
Baltimore (APP) Orioles batting - Pitching for Seattle (APP) Mariners : RHP Bryce Blanksby
Batting: LHB Edwin Cabral 0-0: Called Strike
0-1: Ball
1-1: Foul Ball, location: 2F
1-2: Ball
2-2: Strikes out swinging
Batting: RHB Maup Gommers 0-0: Ball
1-0: Called Strike
1-1: Swinging Strike
1-2: Fly out, F6 (Flyball, 6MD, EV 88.1 MPH)
Batting: LHB Sam Williams 0-0: Ball
1-0: Ball
2-0: Ball
3-0: Called Strike
3-1: Base on Balls
Batting: RHB Carlos Teniente 0-0: Ball
1-0: Called Strike
1-1: Swinging Strike
1-2: Foul Ball, location: 2F
1-2: Ball
2-2: Ground out 4-3 (Groundball, 4, EV 91.9 MPH)
Bottom of the 6th over - 0 runs, 0 hits, 0 errors, 1 left on base; Seattle (APP) 0 - Baltimore (APP) 7
TOP OF THE 7TH
Seattle (APP) Mariners batting - Pitching for Baltimore (APP) Orioles : RHP Zhao-jun Zong
Pitching: RHP Joe Underhill
Batting: SHB Carlos Luna 0-0: Ball
1-0: Called Strike
1-1: Called Strike
1-2: Strikes out swinging
Batting: SHB Raghnall Ahearne 0-0: Ball
1-0: Swinging Strike
1-1: Ball
2-1: SINGLE (Line Drive, 6MD, EV 99.4 MPH)
Batting: SHB Frank Amato 0-0: Called Strike
Raghnall Ahearne steals 2nd base (no throw)
0-1: Foul Ball, location: 2F
0-2: Strikes out swinging
Batting: LHB Prince Nunley 0-0: Ball
1-0: Called Strike
1-1: Ball
2-1: Swinging Strike
2-2: Foul Ball, location: 2F
2-2: Ball
3-2: Strikes out looking
Top of the 7th over - 0 runs, 1 hit, 0 errors, 1 left on base; Seattle (APP) 0 - Baltimore (APP) 7
BOTTOM OF THE 7TH
Baltimore (APP) Orioles batting - Pitching for Seattle (APP) Mariners : RHP Bryce Blanksby
Batting: SHB Carlos Carrillo 0-0: Ball
1-0: Fly out, F8 (Flyball, 8RXD, EV 92.5 MPH)
Pitching: LHP Adam Schmidt
Batting: RHB Jonathan Mendoza 0-0: Ball
1-0: Ball
2-0: Ball
3-0: Called Strike
3-1: Foul Ball, location: 2F
3-2: Base on Balls
Batting: LHB Chris Cohen 0-0: Called Strike
0-1: Fielders Choice at 2nd, 4-6 (Groundball, 4, EV 82.5 MPH)
Batting: RHB Juan Eyrich 0-0: Ball
1-0: Fielders Choice at 2nd, 6-4 (Groundball, 6, EV 88.8 MPH)
Bottom of the 7th over - 0 runs, 0 hits, 0 errors, 1 left on base; Seattle (APP) 0 - Baltimore (APP) 7
TOP OF THE 8TH
Seattle (APP) Mariners batting - Pitching for Baltimore (APP) Orioles : RHP Joe Underhill
Batting: RHB Omar Solis 0-0: Called Strike
0-1: Ball
1-1: Foul Ball, location: 2F
1-2: Ball
2-2: Ball
3-2: Foul Ball, location: 2F
3-2: Fly out, F7 (Flyball, 78S, EV 85.6 MPH)
Pinch Hitting: RHB Chris Van Niel 0-0: Ball
1-0: Called Strike
1-1: Ball
2-1: Fly out, F7 (Flyball, 78D, EV 105.0 MPH)
Pinch Hitting: RHB Danny Pujols 0-0: Called Strike
0-1: Fly out, F8 (Flyball, 89M, EV 90.6 MPH)
Top of the 8th over - 0 runs, 0 hits, 0 errors, 0 left on base; Seattle (APP) 0 - Baltimore (APP) 7
BOTTOM OF THE 8TH
Baltimore (APP) Orioles batting - Pitching for Seattle (APP) Mariners : LHP Adam Schmidt
Now at 2B: Chris Van Niel
Now at 3B: Danny Pujols
Batting: RHB Kevin Popowicz 0-0: Called Strike
0-1: Ball
1-1: Ball
2-1: Ball
3-1: Swinging Strike
3-2: Ground out 5-3 (Groundball, 56, EV 86.9 MPH)
Batting: LHB Edwin Cabral 0-0: Ball
1-0: Ball
2-0: Ground out 5-3 (Groundball, 5, EV 85.6 MPH)
Batting: RHB Maup Gommers 0-0: Ball
1-0: Called Strike
1-1: Foul Ball, location: 2F
1-2: Fly out, F8 (Line Drive, 8LD, EV 93.1 MPH)
Bottom of the 8th over - 0 runs, 0 hits, 0 errors, 0 left on base; Seattle (APP) 0 - Baltimore (APP) 7
TOP OF THE 9TH
Seattle (APP) Mariners batting - Pitching for Baltimore (APP) Orioles : RHP Joe Underhill
Batting: RHB John Vasquez 0-0: Ball
1-0: Ball
2-0: Ball
3-0: Base on Balls
Pitching: RHP Justin Swanson
Batting: RHB Nick Edmunds 0-0: Ball
1-0: Foul Ball, location: 2F
1-1: Ball
2-1: Ball
3-1: Swinging Strike
3-2: Strikes out swinging
Batting: SHB Carlos Luna 0-0: Fielders Choice at 2nd, 6-4 (Groundball, 6, EV 106.2 MPH)
Batting: SHB Raghnall Ahearne 0-0: Ball
1-0: Ball
2-0: Foul Ball, location: 2F
2-1: Ball
3-1: Called Strike
3-2: Strikes out swinging
Top of the 9th over - 0 runs, 0 hits, 0 errors, 1 left on base; Seattle (APP) 0 - Baltimore (APP) 7
Thursday, December 15th , 2022 - OOTP Baseball 23.9 Build 102